 Dungeon Crawl Stone Soup version 0.30.0-10-gfe55d96785 (webtiles) character file.

Game seed: 18300015433269533905

184 fozzywoppz the Covered (level 5, -1/47 HPs)
             Began as a Minotaur Fighter on May 15, 2023.
             Slain by a gnoll
             ... wielding a +0 spear
             ... led by a gnoll bouda
              (3 damage)
             ... on level 4 of the Dungeon.
             The game lasted 00:03:04 (2423 turns).

fozzywoppz the Covered (Minotaur Fighter)           Turns: 2423, Time: 00:03:04

Health: -1/47      AC: 10    Str: 21    XL:     5   Next: 36%
Magic:  4/4        EV:  8    Int: 11    God:
Gold:   121        SH:  5    Dex: 11    Spells: 4/4 levels left

rFire   . . .        a - +0 war axe
rCold   . . .        c - +0 buckler
rNeg    . . .        q - +0 chain mail
rPois   .            (helmet restricted)
rElec   .            (no cloak)
rCorr   .            (no gloves)
SInv    .            i - +0 pair of boots {rampage}
Will    .....        (no amulet) Stlth
                     j - +6 ring of intelligence
HPRegen 0.27/turn    (no ring)
MPRegen 0.09/turn

%: rampage
@: flying, hasted, very quick
A: horns 2, retaliatory headbutt
a: no special abilities


You were on level 4 of the Dungeon.
You visited 1 branch of the dungeon, and saw 4 of its levels.

You collected 121 gold pieces.

Inventory:

Hand Weapons
 a - a +0 war axe (weapon)
Missiles
 l - 26 stones (quivered)
Armour
 c - a +0 buckler (worn)
 i - a +0 pair of boots of rampaging (worn)
 q - a +0 chain mail (worn)
Jewellery
 j - a +6 ring of intelligence (left hand)
Scrolls
 b - a scroll of brand weapon {unknown}
 e - a scroll of fear {unknown}
 f - a scroll of torment {unknown}
 g - a scroll of blinking {unknown}
 h - a scroll of silence {unknown}
 m - 3 scrolls of teleportation {unknown}
 p - a scroll of butterflies {unknown}
Potions
 d - 2 potions of might
 n - 3 potions of flight
 o - a potion of invisibility {unknown}
 r - a potion of attraction {unknown}


   Skills:
 + Level 4.8 Fighting
 + Level 3.9 Axes
 + Level 4.8 Armour
 + Level 4.8 Shields


You had 4 spell levels left.
You didn't know any spells.
Your spell library was empty.

Dungeon Overview and Level Annotations

Branches:
Dungeon (4/15)
 Temple: D:4-7

Altars:
Cheibriados
Elyvilon
Hepliaklqana
Xom
Yredelemnul


Innate Abilities, Weirdness & Mutations

You have a pair of horns on your head.
You reflexively headbutt those who attack you in melee.


Message History

You kill the gnoll!
You block the gnoll's attack.
The gnoll bouda barks out a call to the hunt!
The gnolls pick up the pace!
You rampage towards the gnoll!
Found 8 gold pieces.
You slash the gnoll!
The gnoll is severely wounded.
The gnoll hits you but does no damage. The gnoll completely misses you.
You barely miss the gnoll.
The gnoll is severely wounded.
The gnoll hits you with a +0 spear.
The gnoll hits you from afar with a +0 spear.
You barely miss the gnoll.
The gnoll is severely wounded.
The gnoll hits you with a +0 spear. The gnoll hits you but does no damage.
The gnoll hits you with a +0 spear. You block the gnoll's attack.
You block the gnoll bouda's attack.
You are too injured to fight recklessly!
Unknown command.
You closely miss the gnoll bouda. You hit the gnoll.
The gnoll hits you with a +0 spear. You block the gnoll's attack.
You rampage towards the gnoll!
You hit the gnoll but do no damage. You headbutt the gnoll.
The gnoll is lightly wounded.
You hit the gnoll bouda. You hit the gnoll.
You kill the gnoll!
Your attacks no longer feel as feeble.
The gnoll bouda hits you with a +0 quarterstaff!
* * * LOW HITPOINT WARNING * * *
You block the gnoll's attack. x2
The gnoll bouda hits you with a +0 quarterstaff!
* * * LOW HITPOINT WARNING * * *
It was a potion of flight.
You feel very buoyant.
You fly up into the air.
The gnoll bouda barks out a call to the hunt!
The gnoll hits you with a +0 spear.
* * * LOW HITPOINT WARNING * * *
It was a potion of haste.
You feel yourself speed up. You block the gnoll bouda's attack.
The gnoll hits you with a +0 spear.
You die...

....# .#'#.'
.'_'.. #
.#'#..#### .#
$........# .#
#........#..#
#......g.#..#
....#
#.)@.'..#.....#
#..)g#..#.....#
#....# #.....#
#....####.....#
#.............#
#.............#
#.............#
#.............#
#########.....#


You could see a gnoll bouda and a gnoll (swift).

Vanquished Creatures
  A hound (D:4)
  An iguana (D:4)
  3 gnolls (D:4)
  4 adders
  2 dart slugs (D:3)
  4 ball pythons
  8 endoplasms
  3 giant cockroaches
  6 goblins
  8 hobgoblins
  A quokka (D:1)
  5 bats
  A frilled lizard (D:1)
  8 kobolds
  4 rats
59 creatures vanquished.

Notes
Turn   | Place    | Note
-------+----------+-------------------------------------------
     0 | D:1      | fozzywoppz the Minotaur Fighter began the quest for the
                  | Orb.
     0 | D:1      | Reached XP level 1. HP: 19/19 MP: 0/0
   149 | D:1      | Reached XP level 2. HP: 26/27 MP: 1/1
   842 | D:2      | Reached XP level 3. HP: 33/33 MP: 2/2
  1094 | D:2      | Found a faded altar of an unknown god.
  1293 | D:3      | Found a hazy altar of Hepliaklqana.
  1596 | D:3      | Found a shimmering altar of Xom.
  1693 | D:3      | Found a snail-covered altar of Cheibriados.
  1766 | D:3      | Reached XP level 4. HP: 41/41 MP: 3/3
  2295 | D:4      | Found a basalt altar of Yredelemnul.
  2302 | D:4      | Reached XP level 5. HP: 42/47 MP: 4/4
  2414 | D:4      | Found a white marble altar of Elyvilon.
  2422 | D:4      | HP: 2/47 [gnoll/+0 spear[a gnoll bouda] (2)]
  2423 | D:4      | Slain by a gnoll

Illustrated notes

Levels and vault maps discovered:
D:1:      lightli_arrival_quake, layout_basic
D:2:      layout_rooms, dilly_ecumenical_altar_fadedgnrine
D:3:      layout_loops_corners, lemuel_doored_altar, lemuel_round_altar,
          kennysheep_slug_shrine
D:4:      layout_gridville, kennysheep_mini_moat, overflow_temple_1_default,
          serial_shops, shop, serial_rivers, chequers_serial_rivers_large_b,
          chequers_serial_rivers_micro_c, chequers_serial_rivers_marsh,
          chequers_serial_rivers_small_3, chequers_serial_rivers_room_b

Skill      XL: |  1  2 |
---------------+-------+-----
Shields        | 4 |  4.8
Armour         | 4 |  4.8
Fighting       | 4 |  4.8
Axes           | 3 |  3.9

Action                     |  1- 3 |  4- 6 || total
---------------------------+-------+-------++-------
  Melee: War axe           |    91 |    41 ||   132
         Headbutt          |    11 |     7 ||    18
    Use: Potion            |       |     2 ||     2
 Armour: Scale mail        |    30 |       ||    30
         Chain mail        |    17 |    21 ||    38
  Dodge: Dodged            |    41 |     9 ||    50
  Block: Buckler           |    12 |    18 ||    30
